[Event "ICCopen2017"]
[Site "Internet Chess Club"]
[Date "2017.03.25"]
[Round "6"]
[White "Renos"]
[Black "livis"]
[Result "0-1"]
[ICCResult "White resigns"]
[WhiteElo "1686"]
[BlackElo "1881"]
[Opening "QGD: exchange, positional line"]
[ECO "D35"]
[NIC "QO.16"]
[Time "15:07:17"]
[TimeControl "180+0"]

1. d4 e6 2. c4 d5 3. Nc3 Nf6 4. cxd5 exd5 5. Bg5 Be7 6. e3 c6 7. Bd3 O-O 8.
Qc2 h6 9. Bh4 Nbd7 10. Nf3 Re8 11. O-O Ne4 12. Bxe7 Qxe7 13. Rab1 f5 14. b4
a6 15. a4 Qf6 16. b5 axb5 17. axb5 Ra3 18. Rb3 Rxb3 19. Qxb3 Kh7 20. Rc1 g5
21. bxc6 bxc6 22. Na4 g4 23. Ne1 Kg7 24. Nb6 Nxb6 25. Qxb6 Bd7 26. g3 Re7
27. Ra1 h5 28. Ng2 Ng5 29. Nf4 Nh3+ 30. Kg2 Nxf4+ 31. exf4 h4 32. Ra7 h3+
33. Kg1 Qd6 34. Qc7 Qxc7 35. Rxc7 Kf6 36. Kf1 Ke6 37. Bc2 Kd6 38. Ra7 Re8
39. Ba4 Rb8 {White resigns} 0-1

[Event "ICCopen2017"]
[Site "Internet Chess Club"]
[Date "2017.03.25"]
[Round "6"]
[White "Baerenstarker"]
[Black "TricksOnly"]
[Result "0-1"]
[ICCResult "White forfeits on time"]
[WhiteElo "1864"]
[BlackElo "1973"]
[Opening "QGD: Albin counter-gambit"]
[ECO "D08"]
[NIC "QG.02"]
[Time "15:06:04"]
[TimeControl "180+0"]

1. d4 d5 2. c4 e5 3. dxe5 d4 4. Nf3 Nc6 5. e3 Bb4+ 6. Bd2 dxe3 7. fxe3 Bg4
8. Bxb4 Nxb4 9. Qxd8+ Rxd8 10. Na3 Ne7 11. h3 Bh5 12. g4 Bg6 13. Be2 O-O 14.
Kf2 Nec6 15. Rhd1 Be4 16. Nb5 Bxf3 17. Bxf3 Nd3+ 18. Ke2 Ncxe5 19. Nxc7 Nxb2
20. Rxd8 Rxd8 21. c5 Nxf3 22. Kxf3 Nd3 23. Rb1 Nxc5 24. e4 b6 25. Nd5 Re8
26. Re1 Kf8 27. g5 Nd3 28. Rd1 Ne5+ 29. Ke3 Rc8 30. h4 Rc2 31. a4 Rc4 32.
Ra1 Nd7 33. a5 b5 34. a6 Nc5 35. Ra5 Rxe4+ 36. Kf3 Re5 37. Ne3 Ne6 38. Ng4
Rf5+ 39. Kg3 Ke7 40. Ne3 Re5 41. Ng4 Rc5 42. Ne3 Kd6 43. Kf2 Kc6 44. Ke2 Kb6
45. Ra1 b4 46. Rb1 Kb5 47. Kd3 Nf4+ 48. Kd2 Nd5 49. Nc2 Kc4 50. Rc1 Kb5 51.
Rb1 Rc4 52. Na3+ Kc5 53. Nxc4 Kxc4 54. Rc1+ Nc3 55. Re1 f5 56. Re8 Ne4+
{White forfeits on time}
0-1

[Event "ICCopen2017"]
[Site "Internet Chess Club"]
[Date "2017.03.25"]
[Round "6"]
[White "LionKing93"]
[Black "RdgMx"]
[Result "1-0"]
[ICCResult "Black forfeits on time"]
[WhiteElo "2131"]
[BlackElo "1798"]
[Opening "French: advance variation"]
[ECO "C02"]
[NIC "FR.03"]
[Time "15:06:53"]
[TimeControl "180+0"]

1. e4 e6 2. d4 d5 3. e5 c5 4. c3 cxd4 5. cxd4 Nc6 6. Nf3 Nge7 7. a3 Nf5 8.
Be3 Qb6 9. b4 a5 10. b5 Na7 11. a4 Bb4+ 12. Nbd2 O-O 13. Bd3 Bd7 14. O-O
Rac8 15. Ng5 h6 16. Nh3 Rc3 17. Bxf5 exf5 18. Nf4 Be6 19. Nh5 Rfc8 20. Nf3
Rc2 21. Ne1 Bxe1 22. Rxe1 Qd8 23. Qf3 Qh4 24. g3 Qg4 25. Qxg4 fxg4 26. Rac1
b6 27. Nf4 R8c4 28. Rxc2 Rxc2 29. Rc1 Rxc1+ 30. Bxc1 Nc8 31. Ba3 g5 32. Nh5
Kh7 33. Nf6+ Kg6 34. Kf1 Kf5 35. Ke2 Kg6 36. Ke3 h5 37. Ne8 Kf5 38. Nd6+
Nxd6 39. Bxd6 Bc8 40. Bc7 h4 41. Bxb6 hxg3 42. hxg3 Ke6 43. Bxa5 f6 44. Bc7
f5 45. a5 Kd7 46. Bd6 Ke6 47. a6 Kd7 48. Kd3 Ke6 49. Kc3 Kd7 50. Kb4 Ke6 51.
Kc5 f4 52. Kc6 Kf5 53. b6 Ke4 54. b7 Bf5 55. b8=Q Kf3 56. Qb2 Kg2 57. gxf4
{Black forfeits on time}
1-0

[Event "ICCopen2017"]
[Site "Internet Chess Club"]
[Date "2017.03.25"]
[Round "6"]
[White "Hacker21"]
[Black "veteranrus"]
[Result "1-0"]
[ICCResult "Black forfeits on time"]
[WhiteElo "1846"]
[BlackElo "1872"]
[Opening "Réti v Dutch"]
[ECO "A04"]
[NIC "QP.11"]
[Time "15:06:45"]
[TimeControl "180+0"]

1. Nf3 f5 2. g3 Nf6 3. Bg2 d6 4. c4 e5 5. d3 Be7 6. Nc3 O-O 7. Rb1 Qe8 8. b4
Nbd7 9. b5 Qh5 10. a4 e4 11. Nd4 Nc5 12. Ba3 e3 13. fxe3 Ng4 14. Nd5 Bg5 15.
Bc1 Qh6 16. Nf4 Re8 17. Bd5+ Kh8 18. Nc2 Bd7 19. h3 Nf6 20. Bf3 Nxa4 21. Kf2
Nc3 22. Qe1 Nxb1 23. Qb4 c6 24. Qxb1 d5 25. Ba3 dxc4 26. dxc4 Ne4+ 27. Kg2
Bxf4 28. exf4 Qg6 29. Qe1 cxb5 30. cxb5 Bxb5 31. Nd4 Ba6 32. Bb2 Rad8 33.
Rf1 Nd6 34. Kh2 Nc4 35. Bc1 Rxd4 36. Be3 {Black forfeits on time} 1-0

[Event "ICCopen2017"]
[Site "Internet Chess Club"]
[Date "2017.03.25"]
[Round "6"]
[White "Eliezer"]
[Black "The7thGuest"]
[Result "0-1"]
[ICCResult "White checkmated"]
[WhiteElo "1559"]
[BlackElo "1770"]
[Opening "Caro-Kann defense"]
[ECO "B10"]
[NIC "CK.01"]
[Time "15:06:53"]
[TimeControl "180+0"]

1. e4 c6 2. Nf3 d5 3. exd5 cxd5 4. h3 Nc6 5. d4 Nf6 6. c3 g6 7. Bd3 Bg7 8.
Bg5 O-O 9. Bxf6 exf6 10. O-O Be6 11. Re1 Qd7 12. Bf1 Rfe8 13. Nbd2 Rac8 14.
Nh2 f5 15. Ndf3 Na5 16. b3 Rxc3 17. Rc1 Rec8 18. Rxc3 Rxc3 19. Qd2 Qc8 20.
Bd3 b6 21. Nf1 Bf8 22. Ng5 Bb4 23. Nxe6 fxe6 24. Qe3 Rxd3 25. Qxe6+ Qxe6 26.
Rxe6 Rd1 27. f3 Bc3 28. Kf2 Bxd4+ 29. Ke2 Ra1 30. Re8+ Kf7 31. Ra8 Rxa2+ 32.
Kd3 Nxb3 33. Rb8 Rxg2 34. Rb7+ Ke6 35. Rxa7 Rf2 36. Ng3 Rxf3+ 37. Ke2 Rxg3
38. Rxh7 Be5 39. Rb7 Nd4+ 40. Kf2 Rxh3 41. Rxb6+ Bd6 42. Ra6 Ke5 43. Ra8
Rf3+ 44. Kg2 Rg3+ 45. Kf2 Rf3+ 46. Kg2 g5 47. Re8+ Kf4 48. Re1 g4 49. Rd1
Be5 50. Rd2 Rg3+ 51. Kf2 Rh3 52. Kg2 Rh2+ 53. Kxh2 Ke3+ 54. Kg2 Kxd2 55. Kf2
f4 56. Kg2 f3+ 57. Kf2 g3+ 58. Kf1 Ke3 59. Ke1 g2 60. Kd1 g1=Q#
{White checkmated}
0-1

[Event "ICCopen2017"]
[Site "Internet Chess Club"]
[Date "2017.03.25"]
[Round "6"]
[White "BryanL"]
[Black "bobbyforever"]
[Result "1/2-1/2"]
[ICCResult "White ran out of time and Black has no material to mate"]
[WhiteElo "1932"]
[BlackElo "1550"]
[Opening "Sicilian: Smith-Morra gambit"]
[ECO "B21"]
[NIC "SI.48"]
[Time "15:05:59"]
[TimeControl "180+0"]

1. e4 c5 2. d4 cxd4 3. c3 dxc3 4. Nxc3 d6 5. Nf3 g6 6. Bc4 Bg7 7. Qb3 e6 8.
O-O Ne7 9. Rd1 a6 10. Bf4 e5 11. Bg5 O-O 12. Nd5 Nbc6 13. Be2 h6 14. Bf6
Nxd5 15. Bxd8 Nf4 16. Bc4 Rxd8 17. Bxf7+ Kh7 18. Bd5 g5 19. Kf1 g4 20. Nh4
Nd4 21. Qb6 Bf6 22. g3 Nxd5 23. exd5 Bxh4 24. gxh4 Bf5 25. Rac1 Rd7 26. Rc7
Rd8 27. Rxb7 Bc2 28. Rc1 Bd3+ 29. Kg2 Be4+ 30. Kf1 Bxd5 31. Rxd7+ Rxd7 32.
Qxa6 Bf3 33. Qb6 Kg6 34. Rc7 Rd8 35. Rg7+ Kxg7 36. Qxd8 Nf5 37. Qd7+ Kf6 38.
a4 e4 39. Qd8+ Ke5 40. a5 e3 41. fxe3 Nxe3+ 42. Kf2 Nd1+ 43. Kg3 Nxb2 44. a6
d5 45. a7 d4 46. a8=Q Bxa8 47. Qxa8 Nd3 48. Kxg4 Nf2+ 49. Kg3 Ne4+ 50. Kg2
d3 51. Qh8+ Kf4 52. Qxh6+ Ke5 53. Qe3 d2 54. Qe2 Kd4 55. Kf1 Kc3 56. Qxe4
d1=Q+ 57. Qe1+ Qxe1+ 58. Kxe1 Kd4 59. Kf2 Ke5 60. Kg3 Kf5 61. Kh3 Kf6 62.
Kg4 Kg6 63. h3 Kh6 64. h5 Kh7 65. Kh4 Kg7 66. Kg5 Kh7 67. h6 Kh8 68. h4 Kg8
69. Kh5 Kh8 70. Kg6 Kg8 71. Kf6 Kh8 72. Kg5 Kh7 73. Kh5 Kh8 74. Kg4 Kg8 75.
Kg5 Kh7 76. Kh5 Kg8 77. Kg4 Kh8 78. Kf4 Kg8 79. Kg5 Kf7 80. h5 Kg8 81. Kg6
Kh8 82. Kf6 Kg8 83. Kg5 Kh8
{White ran out of time and Black has no material to mate}
1/2-1/2

[Event "ICCopen2017"]
[Site "Internet Chess Club"]
[Date "2017.03.25"]
[Round "6"]
[White "knightspirit"]
[Black "Poisson"]
[Result "0-1"]
[ICCResult "White forfeits on time"]
[WhiteElo "1236"]
[BlackElo "1755"]
[Opening "Robatsch (modern) defense"]
[ECO "B06"]
[NIC "KF.05"]
[Time "15:06:07"]
[TimeControl "180+0"]

1. e4 g6 2. d4 Bg7 3. c3 d5 4. e5 c5 5. f4 Nc6 6. Nf3 Bg4 7. Be2 cxd4 8.
cxd4 e6 9. Be3 Nge7 10. O-O Nf5 11. Bf2 h5 12. h3 Bxf3 13. Bxf3 h4 14. Nc3
Qa5 15. a3 O-O-O 16. b4 Qc7 17. b5 Na5 18. Na4 b6 19. Rc1 Nc4 20. Nb2 Kb8
21. Nxc4 dxc4 22. Be2 c3 23. Qd3 Rc8 24. Rc2 Rhd8 25. Rfc1 Qd7 26. Bf3 Nxd4
27. Rxc3 Nxf3+ 28. Qxf3 Rxc3 29. Qxc3 Rc8 30. Qxc8+ Qxc8 31. Rxc8+ Kxc8 32.
a4 Bh6 33. Be3 Bf8 34. Kf2 Kb7 35. Kf3 a6 36. bxa6+ Kxa6 37. Kg4 Be7 38. Bd2
Kb7 39. g3 hxg3 40. Kxg3 Kc6 41. Kg4 Kd5 42. h4 Bd8 43. h5 gxh5+ 44. Kxh5
Ke4 45. Kg4 Kd3 46. Bc1 Kc4 47. Bd2 Kb3 48. Kh5 Kxa4 49. f5 exf5 50. Kh6 b5
51. Kg7 b4 52. Kxf7 b3 53. e6 b2 54. e7 Bxe7 55. Kxe7 b1=Q 56. Kf6 Qe4 57.
Kf7 f4 58. Bxf4 Qxf4+ 59. Ke6 Qe4+ 60. Kd7 Qd4+ 61. Ke7 Qd5 62. Kf6 Kb5 63.
Kg6 Kc6 64. Kf6 Qe4 65. Kf7 Kd6 {White forfeits on time} 0-1

[Event "ICCopen2017"]
[Site "Internet Chess Club"]
[Date "2017.03.25"]
[Round "6"]
[White "Kjaan1974"]
[Black "xionoula"]
[Result "0-1"]
[ICCResult "White forfeits on time"]
[WhiteElo "1405"]
[BlackElo "1806"]
[Opening "French defense"]
[ECO "C00"]
[NIC "FR.01"]
[Time "15:06:04"]
[TimeControl "180+0"]

1. e4 e6 2. Nf3 d5 3. e5 c5 4. c3 Qb6 5. d4 Nc6 6. Be2 cxd4 7. O-O dxc3 8.
Nxc3 a6 9. a3 Nge7 10. b4 Ng6 11. Be3 Qc7 12. Na4 Ncxe5 13. Nxe5 Nxe5 14.
Rc1 Qb8 15. Nb6 Bd7 16. Bf4 Bd6 17. Bxe5 Bxe5 18. Nxa8 Qxa8 19. f4 Bd6 20.
Qd4 O-O 21. Kh1 Qb8 22. Rc3 Bc6 23. Rg3 g6 24. Rh3 Rc8 25. Qf6 Bf8 26. Qh4
h6 27. Bd3 Bg7 28. f5 exf5 29. Re3 d4 30. Re7 Qd6 31. Rfe1 Qd5 32. Qg3 Bf6
33. R7e2 h5 34. h3 h4 35. Qf2 Kg7 36. Kg1 Bg5 37. Kf1 Bb5 38. Bxb5 axb5 39.
Re5 Qc4+ 40. Kg1 Be3 41. R5xe3 dxe3 42. Qxe3 Rc7 43. Qe5+ Kh7 44. Kh2 Qc3
45. Re3 Qxe5+ 46. Rxe5 Rc3 47. Re7 Rxa3 48. Rxf7+ Kh6 49. Rxb7 Rb3 50. Rxb5
Kg5 51. Kg1 Kf4 {White forfeits on time} 0-1

[Event "ICCopen2017"]
[Site "Internet Chess Club"]
[Date "2017.03.25"]
[Round "6"]
[White "tigerr"]
[Black "Fighterman"]
[Result "1-0"]
[ICCResult "Black forfeits on time"]
[WhiteElo "1998"]
[BlackElo "2459"]
[Opening "Pirc: Austrian attack, dragon formation"]
[ECO "B06"]
[NIC "PU.05"]
[Time "15:06:46"]
[TimeControl "180+0"]

1. e4 g6 2. d4 Bg7 3. Nc3 d6 4. f4 Nf6 5. Nf3 c5 6. dxc5 Qa5 7. Bd3 Qxc5 8.
Qe2 Bg4 9. Be3 Qa5 10. O-O Nc6 11. Qf2 Bxf3 12. Qxf3 O-O 13. a3 Nd7 14. b4
Qd8 15. Ne2 Bxa1 16. Rxa1 e6 17. c4 a5 18. b5 Ne7 19. Bd4 e5 20. Bc3 f6 21.
f5 Nc5 22. Bc2 gxf5 23. exf5 Kh8 24. Rd1 Rg8 25. Ng3 Rc8 26. Nh5 Qf8 27.
Rxd6 Qh6 28. Nxf6 Qc1+ 29. Bd1 Rg7 30. Bxe5 Rf8 31. Nh5 Rxf5 32. Bxg7+ Kg8
33. Rd8+ Kf7 34. Rf8+ Ke6 35. Rxf5 Nxf5 36. Qd5+ Ke7 37. Qxc5+ Nd6 38. Bf8+
Ke8 39. Nf6+ Kf7 40. Qd5+ {Black forfeits on time} 1-0

[Event "ICCopen2017"]
[Site "Internet Chess Club"]
[Date "2017.03.25"]
[Round "6"]
[White "Veldigo"]
[Black "jeffers9"]
[Result "0-1"]
[ICCResult "White checkmated"]
[WhiteElo "1634"]
[BlackElo "1408"]
[Opening "English opening"]
[ECO "A13"]
[NIC "EO.64"]
[Time "15:07:08"]
[TimeControl "180+0"]

1. c4 e6 2. Nc3 b6 3. g3 Bb7 4. Nf3 Nf6 5. Bg2 d5 6. d4 Bb4 7. O-O O-O 8. e3
c5 9. cxd5 exd5 10. dxc5 bxc5 11. Ne2 Nc6 12. a3 Ba5 13. b3 Bc7 14. Bb2 Qd7
15. Qc2 Qd6 16. Rad1 Rfe8 17. Nc3 d4 18. exd4 Nxd4 19. Nxd4 Bxg2 20. Kxg2
cxd4 21. Kg1 Qe5 22. Na4 Rad8 23. Qd3 h6 24. Rc1 Nh7 25. Nc5 Qd5 26. b4 Ng5
27. f3 Re3 28. Qc4 Nxf3+ 29. Rxf3 Qxf3 30. Rf1 Qd5 31. Qa6 Re2 32. Bc1 Qg2#
{White checkmated}
0-1

[Event "ICCopen2017"]
[Site "Internet Chess Club"]
[Date "2017.03.25"]
[Round "6"]
[White "skewerd"]
[Black "ASidorov"]
[Result "0-1"]
[ICCResult "White checkmated"]
[WhiteElo "1863"]
[BlackElo "2321"]
[Opening "Sicilian: Anderssen variation"]
[ECO "B41"]
[NIC "SI.41"]
[Time "15:06:26"]
[TimeControl "180+0"]

1. e4 c5 2. Nf3 e6 3. d4 cxd4 4. Nxd4 Nf6 5. Nc3 Nc6 6. Bc4 Bb4 7. Nxc6 bxc6
8. e5 Nd5 9. Bd2 Qc7 10. Qe2 Nxc3 11. bxc3 Bc5 12. O-O O-O 13. Rae1 d5 14.
Bd3 f5 15. c4 Rb8 16. Kh1 Rb2 17. cxd5 cxd5 18. a4 Bd7 19. a5 Rfb8 20. g4
fxg4 21. Qxg4 Bf8 22. Qh3 g6 23. Rg1 Bc8 24. Bh6 d4 25. Bxf8 Kxf8 26. Rg4
Bb7+ 27. Kg1 Qf7 28. Qg3 Ke8 29. Rf4 Qe7 30. Rf6 Bd5 31. h4 Rb1 32. f4 Qb4
33. Bxg6+ hxg6 34. Qxg6+ Kd7 35. Qf7+ Kc6 36. Rxe6+ Bxe6 37. Qxe6+ Kc5 38.
Qd6+ Kc4 39. Qc6+ Qc5 40. Qa4+ R8b4 41. Qa2+ Kb5 42. Rxb1 d3+ 43. Kg2 Qxc2+
44. Qxc2 dxc2 45. Rc1 Rxf4 46. Rxc2 Re4 47. Rb2+ Kxa5 48. Rf2 Kb6 49. Rf5
Rxe5 50. Kg3 Rxf5 51. Kg4 Rf8 52. h5 Rh8 53. Kf5 Rxh5+ 54. Kg6 Rc5 55. Kf6
a5 56. Ke6 a4 57. Kd6 a3 58. Ke6 a2 59. Kd6 a1=Q 60. Ke6 Qd4 61. Ke7 Re5+
62. Kf7 Qf4+ 63. Kg7 Rg5+ 64. Kh7 Qh4# {White checkmated} 0-1

[Event "ICCopen2017"]
[Site "Internet Chess Club"]
[Date "2017.03.25"]
[Round "6"]
[White "pagoda"]
[Black "StevieMcStiefel"]
[Result "0-1"]
[ICCResult "White forfeits on time"]
[WhiteElo "1795"]
[BlackElo "1654"]
[Opening "Dunst (Sleipner, Heinrichsen) opening"]
[ECO "A00"]
[NIC "VO.15"]
[Time "15:06:28"]
[TimeControl "180+0"]

1. Nc3 d5 2. e4 d4 3. Nce2 d3 4. cxd3 e5 5. Nf3 Nc6 6. d4 exd4 7. Ng3 a6 8.
Bc4 Be7 9. Qb3 Nh6 10. O-O Na5 11. Qa4+ b5 12. Qxa5 bxc4 13. Qa4+ Qd7 14.
Qxc4 c5 15. h3 a5 16. d3 Ng8 17. Bg5 Ba6 18. Qb3 f6 19. Bd2 a4 20. Qc2 Qb5
21. Nf5 Kf7 22. e5 Qxd3 23. Qxd3 Bxd3 24. Nxe7 Bxf1 25. Nxg8 Rhxg8 26. Kxf1
Rab8 27. Rb1 c4 28. Nxd4 Rgd8 29. Bc3 fxe5 30. Nc6 Rdc8 31. Nxb8 Rxb8 32. a3
Rb5 33. Re1 Kf6 34. Ke2 Kf5 35. Kf3 e4+ 36. Kg3 Rd5 37. Re3 Rd3 38. f3 Rxe3
39. Kf2 Rxc3 40. fxe4+ Kxe4 41. bxc3 Kd3 {White forfeits on time} 0-1

[Event "ICCopen2017"]
[Site "Internet Chess Club"]
[Date "2017.03.25"]
[Round "6"]
[White "NWRiver"]
[Black "mehrdad1978"]
[Result "0-1"]
[ICCResult "White forfeits on time"]
[WhiteElo "1639"]
[BlackElo "1849"]
[Opening "Scandinavian (center counter) defense"]
[ECO "B01"]
[NIC "VO.17"]
[Time "15:07:04"]
[TimeControl "180+0"]

1. e4 d5 2. exd5 Qxd5 3. Nf3 Nf6 4. Be2 g6 5. d3 Bg7 6. Nbd2 O-O 7. c3 c5 8.
b3 Nc6 9. Bb2 b6 10. Rc1 Bb7 11. O-O Ne5 12. c4 Nxf3+ 13. Bxf3 Qd7 14. Bxb7
Qxb7 15. d4 cxd4 16. Bxd4 Rfd8 17. Nf3 Nh5 18. Rc2 e5 19. Nxe5 Bxe5 20. Rd2
Bxd4 21. Rxd4 Rxd4 22. Qxd4 Qc7 23. Qd5 Rd8 24. Qf3 Qf4 25. Qb7 Qb8 26. Qe7
Re8 27. Qa3 Nf4 28. h3 Qb7 29. f3 Re2 30. Rf2 Re1+ 31. Kh2 Qc7 32. g3 Re2
33. Rxe2 Nxe2 34. f4 Qc5 35. Qxc5 bxc5 36. Kg2 Nc3 37. Kf3 Nxa2 38. Ke4 Nb4
39. f5 Kg7 40. g4 Kf6 41. fxg6 fxg6 42. h4 h6 {White forfeits on time} 0-1

[Event "ICCopen2017"]
[Site "Internet Chess Club"]
[Date "2017.03.25"]
[Round "6"]
[White "hon"]
[Black "Marcoluis"]
[Result "0-1"]
[ICCResult "White forfeits on time"]
[WhiteElo "1257"]
[BlackElo "1598"]
[Opening "Scotch: Mieses variation"]
[ECO "C45"]
[NIC "SO.04"]
[Time "15:06:27"]
[TimeControl "180+0"]

1. e4 e5 2. Nf3 Nc6 3. d4 exd4 4. Nxd4 Nf6 5. Nxc6 bxc6 6. e5 Qe7 7. Qe2 Nd5
8. c4 Ba6 9. b3 g6 10. Bb2 Bg7 11. g3 O-O 12. Bg2 Rfe8 13. O-O Nb6 14. f4 d5
15. Qd2 dxc4 16. Qa5 Bb7 17. Nd2 cxb3 18. axb3 Nd5 19. Nc4 Bf8 20. Rfd1 Qc5+
21. Qxc5 Bxc5+ 22. Kf1 a5 23. Bd4 Bb4 24. Ke2 Ba6 25. Kf3 Rad8 26. Nxa5 Bb5
27. Bf2 Nc3 28. Rxd8 Rxd8 29. Nc4 Rd3+ 30. Be3 Bc5 31. Re1 Nd5 32. Bf1 Rxb3
33. Na5 Nxe3 34. Nxb3 Nxf1 35. Nxc5 Nd2+ 36. Ke3 Nc4+ 37. Kd4 Nb6 38. Ra1
Nd5 39. Ra8+ Kg7 {White forfeits on time} 0-1

[Event "ICCopen2017"]
[Site "Internet Chess Club"]
[Date "2017.03.25"]
[Round "6"]
[White "leonardoalmeida"]
[Black "BMWHero"]
[Result "1/2-1/2"]
[ICCResult "White stalemated"]
[WhiteElo "1919"]
[BlackElo "2049"]
[Opening "Van't Kruijs opening"]
[ECO "A00"]
[Time "15:07:16"]
[TimeControl "180+0"]

1. e3 d5 2. b3 c5 3. Bb2 Nc6 4. Nf3 a6 5. Be2 Qc7 6. d4 cxd4 7. exd4 Nf6 8.
O-O Bg4 9. Nbd2 e6 10. a3 Bd6 11. c4 b6 12. Rc1 O-O 13. h3 Bh5 14. b4 dxc4
15. Nxc4 Qb8 16. Nxd6 Qxd6 17. Re1 b5 18. Rc5 Ne7 19. Qc1 Ned5 20. Rc6 Qe7
21. Ne5 Bxe2 22. Rxe2 Ne8 23. Rc5 Nd6 24. Qc2 Rac8 25. Qb3 Nb6 26. Bc1 Na4
27. Rxc8 Rxc8 28. Be3 Nb6 29. Rc2 Qb7 30. Rc5 Na4 31. Rxc8+ Qxc8 32. g4 Nb6
33. Qd3 Ndc4 34. Qe4 Nd5 35. Qf3 f6 36. Nd3 Ncxe3 37. fxe3 Qc3 38. Nc5 Qxa3
39. Nxe6 Qxe3+ 40. Qxe3 Nxe3 41. Nc7 Nc2 42. Nxa6 Nxd4 43. Nc7 Kf7 44. Kf2
Ke7 45. Ke3 Kd7 46. Kxd4 Kxc7 47. Kc5 g6 48. Kxb5 f5 49. gxf5 gxf5 50. Kc5
f4 51. Kd4 Kb6 52. Ke4 Kb5 53. Kxf4 Kxb4 54. Kg5 Kc5 55. Kh6 Kd6 56. Kxh7
Ke7 57. h4 Kf8 58. h5 Kf7 59. h6 Kf8 60. Kh8 Kf7 61. h7 Kf8 {White
stalemated} 1/2-1/2

[Event "ICCopen2017"]
[Site "Internet Chess Club"]
[Date "2017.03.25"]
[Round "6"]
[White "Maxbet"]
[Black "Sibelephant"]
[Result "0-1"]
[ICCResult "White resigns"]
[WhiteElo "2851"]
[BlackElo "3070"]
[Opening "Sicilian: O'Kelly variation"]
[ECO "B28"]
[NIC "SI.43"]
[Time "15:07:09"]
[TimeControl "180+0"]

1. e4 c5 2. Nf3 a6 3. g3 d5 4. exd5 Qxd5 5. Bg2 Qe6+ 6. Kf1 Nc6 7. Nc3 Nf6
8. d4 cxd4 9. Nxd4 Qc4+ 10. Nde2 Bf5 11. b3 Qb4 12. a3 Qa5 13. b4 Qc7 14.
Bf4 e5 15. Bg5 Rd8 16. Nd5 Rxd5 17. Bxd5 Nxd5 18. Qxd5 Be6 19. Qf3 h6 20.
Be3 Ne7 21. Rd1 Qxc2 22. Kg2 e4 23. Qf4 Qxe2 24. Qb8+ Nc8 25. Rc1 Qf3+ 26.
Kg1 Bd6 27. Rxc8+ Ke7 28. Qxb7+ Kf6 29. Rc6 Qd1+ 30. Kg2 Qf3+ 31. Kg1 Rd8
32. h3 Bxg3 33. Rc1 Rd5 34. Qb6 Bxf2+ 35. Bxf2 Rg5+ 36. Kf1 Qxh1+ 37. Ke2
Qxc1 {White resigns} 0-1

[Event "ICCopen2017"]
[Site "Internet Chess Club"]
[Date "2017.03.25"]
[Round "6"]
[White "alsaimer"]
[Black "ShadowStorm"]
[Result "1-0"]
[ICCResult "Black checkmated"]
[WhiteElo "1044"]
[BlackElo "1336"]
[Opening "French defense"]
[ECO "C00"]
[NIC "FR.01"]
[Time "15:06:33"]
[TimeControl "180+0"]

1. e4 e6 2. Nf3 d5 3. Bd3 dxe4 4. Bxe4 Nf6 5. Nc3 Bb4 6. d3 Nxe4 7. dxe4
Qxd1+ 8. Kxd1 O-O 9. a3 Ba5 10. Ke2 Nc6 11. Be3 f5 12. Nd2 Nd4+ 13. Bxd4 e5
14. Bc5 Rf7 15. b4 Bb6 16. Bxb6 axb6 17. Nf3 Re7 18. Nd5 Rd7 19. Nxe5 Rd6
20. Nxc7 Rb8 21. Nb5 Rd8 22. Rad1 Re8 23. f4 fxe4 24. Ke3 Bf5 25. Rd6 Rbc8
26. Rhd1 Rxc2 27. Rxb6 Rxg2 28. Nd6 Rf8 29. Nxf5 Rxf5 30. Kxe4 Rf8 31. Rxb7
Re8 32. Rdd7 Rf8 33. a4 Re2+ 34. Kd3 Ra2 35. Kc4 Rxa4 36. Kb5 Ra2 37. Rxg7+
Kh8 38. Rxh7+ Kg8 39. Rbg7# {Black checkmated} 1-0

[Event "ICCopen2017"]
[Site "Internet Chess Club"]
[Date "2017.03.25"]
[Round "6"]
[White "mkayem1"]
[Black "ehkopean"]
[Result "0-1"]
[ICCResult "White forfeits on time"]
[WhiteElo "2035"]
[BlackElo "1776"]
[Opening "Sicilian: Anderssen variation"]
[ECO "B41"]
[NIC "SI.41"]
[Time "15:06:52"]
[TimeControl "180+0"]

1. e4 c5 2. Nf3 e6 3. d4 cxd4 4. Nxd4 Nf6 5. Nc3 Nc6 6. Be3 Bb4 7. Bd3 d5 8.
Nxc6 bxc6 9. e5 Nd7 10. Bf4 d4 11. a3 dxc3 12. axb4 cxb2 13. Rb1 a5 14. O-O
axb4 15. Rxb2 c5 16. Qf3 Nb6 17. Rd1 Qc7 18. Qg3 g6 19. c4 Bb7 20. Be2 Na4
21. Rbd2 Nc3 22. Re1 Rd8 23. Bf1 Rxd2 24. Bxd2 h5 25. Bxc3 bxc3 26. Qxc3 O-O
27. Qg3 Rd8 28. Be2 Rd4 29. Bxh5 Ba6 30. Rb1 Rxc4 31. Ra1 Bb7 32. Re1 Re4
33. Rd1 Rd4 34. Rb1 Rd8 35. Be2 Be4 36. Rc1 Rd2 37. Bc4 Qd7 38. Re1 Rd1 39.
f3 Rxe1+ 40. Qxe1 Bf5 41. Kh1 Qd4 42. Bb5 c4 43. g4 c3 {White forfeits on
time} 0-1

[Event "ICCopen2017"]
[Site "Internet Chess Club"]
[Date "2017.03.25"]
[Round "6"]
[White "grancaruso"]
[Black "tryany1"]
[Result "1-0"]
[ICCResult "Black forfeits on time"]
[WhiteElo "1806"]
[BlackElo "1511"]
[Opening "Réti opening"]
[ECO "A04"]
[NIC "QP.11"]
[Time "15:06:58"]
[TimeControl "180+0"]

1. Nf3 e5 2. Nxe5 d5 3. d4 c5 4. c3 Nc6 5. Nxc6 bxc6 6. Qa4 Bd7 7. e3 cxd4
8. cxd4 c5 9. Bb5 cxd4 10. Bxd7+ Qxd7 11. Qxd7+ Kxd7 12. exd4 Rc8 13. O-O
Nf6 14. Nc3 Bb4 15. Bd2 Rc4 16. Rfd1 Rxd4 17. Be3 Rxd1+ 18. Rxd1 Bxc3 19.
bxc3 a6 20. Bd4 Ne4 21. Bxg7 Rg8 22. Bd4 Rb8 23. f3 Nd6 24. Rd2 Rb1+ 25. Kf2
Nc4 26. Re2 Kd6 27. h4 h5 28. g4 Rh1 29. Kg3 Rg1+ 30. Kf4 hxg4 31. fxg4 Rh1
32. h5 f6 33. Bxf6 Rf1+ 34. Kg5 Rf3 35. Bd4 Rf7 36. Kg6 Rf4 37. g5 Rg4 38.
h6 Rh4 39. Kg7 Rh5 40. g6 Kd7 41. h7 Nd6 42. h8=Q Nf5+ 43. Kf8 Rxh8+ 44.
Bxh8 a5 45. Re5 {Black forfeits on time} 1-0

[Event "ICCopen2017"]
[Site "Internet Chess Club"]
[Date "2017.03.25"]
[Round "6"]
[White "zealous"]
[Black "Huty"]
[Result "1-0"]
[ICCResult "Black resigns"]
[WhiteElo "1685"]
[BlackElo "1384"]
[Opening "Queen's pawn, Mason variation"]
[ECO "D00"]
[NIC "QP.08"]
[Time "15:06:27"]
[TimeControl "180+0"]

1. d4 d5 2. Bf4 Nf6 3. e3 c6 4. Nd2 Qb6 5. b3 Bf5 6. c4 e6 7. Ngf3 h6 8. Be2
Nbd7 9. O-O Nh5 10. Be5 Nxe5 11. Nxe5 Nf6 12. c5 Qc7 13. b4 b6 14. a4 a6 15.
Qb3 g5 16. b5 axb5 17. axb5 Rb8 18. Nxc6 Bg7 19. Ra7 Qc8 20. Nxb8 Qxb8 21.
Rfa1 O-O 22. c6 Ne4 23. Nxe4 Bxe4 24. Rb7 Qd6 25. Raa7 e5 26. f3 Bg6 27. Rd7
Qf6 28. Qxd5 exd4 29. exd4 Qf4 30. g3 Qc1+ 31. Kf2 Bf5 32. Qxf5 Bxd4+ 33.
Kg2 Qe3 34. Rxf7 Qxe2+ 35. Kh3 Qf1+ 36. Kg4 Bg7 37. Rxf8+ Bxf8 38. Qg6+
{Black resigns}
1-0

[Event "ICCopen2017"]
[Site "Internet Chess Club"]
[Date "2017.03.25"]
[Round "6"]
[White "Chaos23"]
[Black "CIROVICZCHESS"]
[Result "0-1"]
[ICCResult "White forfeits on time"]
[WhiteElo "1853"]
[BlackElo "1565"]
[Opening "QGD: Marshall defense"]
[ECO "D06"]
[NIC "QP.08"]
[Time "15:06:39"]
[TimeControl "180+0"]

1. d4 d5 2. c4 Nf6 3. cxd5 Nxd5 4. Nf3 e6 5. e4 Nf6 6. Bd3 Bb4+ 7. Bd2 Bxd2+
8. Qxd2 Nc6 9. Nc3 O-O 10. e5 Nd5 11. O-O Ndb4 12. Be4 Nd5 13. Rac1 f5 14.
exf6 Nxf6 15. Bxc6 bxc6 16. Qe2 Nd5 17. Rfe1 Qf6 18. Ne4 Qg6 19. Ne5 Qf5 20.
Nxc6 Nf4 21. Ne7+ Kh8 22. Nxf5 Nxe2+ 23. Rxe2 exf5 24. Ng5 Ba6 25. Re7 Rae8
26. Rcxc7 Rxe7 27. Rxe7 h6 28. Nf7+ Kg8 29. Ne5 Rc8 30. g3 Be2 31. Nd7 Bf3
32. Nc5 Rd8 33. Re3 Bg4 34. Ne6 Rc8 35. f3 Rc1+ 36. Kf2 f4 37. Nxf4 Bf5 38.
d5 Rc2+ 39. Re2 Rc7 40. Rd2 Rd7 41. Ke3 g5 42. Ne6 Bxe6 43. dxe6 Re7 44. Rd6
Kg7 45. Ke4 Kf6 46. Kd5 a5 47. b3 h5 48. a3 h4 49. b4 hxg3 50. hxg3 g4 51.
fxg4 axb4 52. axb4 Rb7 53. b5 Rxb5+ 54. Kc6 Rb3 55. Rd7 Kxe6 56. Rd8 Rc3+
57. Kb5 Rxg3 58. Kb4 Rxg4+ 59. Kc3 Rg3+ {White forfeits on time} 0-1